[Event "Team 45 45 League T45"]
[Site "Internet Chess Club"]
[Date "2010.05.09"]
[Round "1"]
[White "mongmong"]
[Black "whiskeytown"]
[Result "1/2-1/2"]
[WhiteElo "1538"]
[BlackElo "1436"]
[Opening "King's Indian: East Indian defense"]
[ECO "A48"]
[Time "18:07:40"]
[TimeControl "2700+45"]

1. d4 Nf6 2. Nf3 g6 3. e3 Bg7 4. c4 O-O 5. b4 a5 6. b5 c5 7. bxc6 bxc6 8. a4 Na6
9. Ba3 Nb4 10. Be2 d6 11. Nc3 Bf5 12. O-O Qd7 13. Bxb4 axb4 14. Na2 c5 15. Nc1
Ne4 16. Bd3 Nc3 17. Qc2 Bxd3 18. Nxd3 Rxa4 19. Rxa4 Qxa4 20. Qxa4 Nxa4 21. dxc5
dxc5 22. Nd2 Rb8 23. Nb3 Rc8 24. Rd1 Rd8 25. Nb2 Rxd1+ 26. Nxd1 e6 27. Kf1 Kf8
28. Ke2 Ke7 29. Kd3 Kd6 30. f3 f5 31. e4 Nb6 32. Ne3 Nd7 33. Na5 Bf6 34. Kc2 Bd4
35. Nf1 Nf6 36. exf5 exf5 37. Nd2 Ke5 38. Kd3 Bg1 39. h3 Kf4 40. Nf1 Nh5 41. Nb3
Ng3 42. Nfd2 Nh5 43. Nf1 Nf6 44. Ke2 Nd7 45. g3+ Ke5 46. f4+ Kd6 47. Nfd2 Nf6
48. Kf3 h6 49. Ke2 g5 50. fxg5 hxg5 51. Nf3 Bd4 52. Nxg5 Ne4 53. Nxe4+ fxe4 54.
g4 Ke5 55. g5 Kf5 56. h4 Kg6 57. Kf1 Kh5 58. Ke2 Kg6 59. Nd2 e3 60. Nb3 Kh5
{Game drawn by mutual agreement} 1/2-1/2

[Event "Team 45 45 League T45"]
[Site "Internet Chess Club"]
[Date "2010.05.10"]
[Round "1"]
[White "AngryPirate"]
[Black "CKNIGHT3"]
[Result "1-0"]
[WhiteElo "1496"]
[BlackElo "1452"]
[Opening "Sicilian: closed"]
[ECO "B23"]
[Time "16:04:23"]
[TimeControl "2700+45"]

1. e4 c5 2. Nc3 d6 3. Bc4 Nf6 4. f4 a6 5. a4 e6 6. Nf3 Nbd7 7. a5 b6 8. axb6
Nxb6 9. Be2 Bb7 10. d3 Qc7 11. O-O c4 12. Kh1 cxd3 13. cxd3 Be7 14. Qe1 O-O 15.
Ng5 h6 16. Nf3 Rac8 17. Qg3 Kh8 18. Qh3 Nh7 19. g4 f6 20. Rg1 Qd8 21. Nh4 Qe8
22. f5 exf5 23. gxf5 Rf7 24. Ng6+ Kg8 25. Bh5 Qd7 26. Bxh6 Ng5 27. Bxg5 fxg5 28.
Bg4 Rf6 29. Bh5 Rc5 30. Nxe7+ Qxe7 31. Bg6 Rxg6 32. fxg6 Qf6 33. Qh7+ Kf8 34.
Raf1 Rf5 35. Rxf5 Qxf5 36. Qh8+ Ke7 37. Qxg7+ Ke6 38. Qf7+ Qxf7 39. gxf7 Kxf7
40. Rxg5 Bc8 41. Rh5 Kg6 42. Rd5 Nxd5 43. Nxd5 Bb7 44. Nc3 a5 45. Kg2 Kf6 46.
Kf3 Ke5 47. h4 d5 48. Nxd5 Bc6 49. Nc3 Kd4 50. Ke2 Kc5 51. h5 Be8 52. h6 Bg6 53.
Ke3 Kc6 54. Kd4 Kd6 55. Nd5 Ke6 56. Nf4+ Kf6 57. Nxg6 Kxg6 58. Kc5 Kxh6 59. Kb5
Kg5 60. Kxa5 Kf4 61. b4 Ke3 62. e5 Kxd3 63. e6 Kd4 64. e7 Ke4 65. e8=Q+ Kd4 66.
Qe6 Kd3 67. Qg4 Ke3 68. b5 Kd3 69. Qf4 Kc3 70. b6 Kd3 71. Kb5 Ke2 72. Qg3 Kd2
73. Kc4 Ke2 74. Kd4 Kd2 75. Qg2+ Ke1 76. Kd3 Kd1 77. Qg1# {Black checkmated} 1-0

[Event "Team 45 45 League T45"]
[Site "Internet Chess Club"]
[Date "2010.05.09"]
[Round "1"]
[White "MaxII"]
[Black "SugarIslander"]
[Result "0-1"]
[WhiteElo "1690"]
[BlackElo "1673"]
[Opening "Caro-Kann: two knights, 3...Bg4"]
[ECO "B11"]
[Time "11:41:38"]
[TimeControl "2700+45"]

1. e4 c6 2. Nc3 d5 3. Nf3 Bg4 4. h3 Bxf3 5. Qxf3 e6 6. d3 Nd7 7. Bd2 Ne5 8. Qg3
Ng6 9. h4 Bd6 10. f4 h5 11. O-O-O N8e7 12. Qf2 Qd7 13. Re1 b6 14. exd5 cxd5 15.
d4 O-O-O 16. Bd3 Kb8 17. Nb5 Nf5 18. Bxf5 Qxb5 19. Bxg6 fxg6 20. Rxe6 Rhe8 21.
Rhe1 Rxe6 22. Rxe6 Qa4 23. Kb1 Rc8 24. Bc3 Rxc3 25. Rxd6 Rd3 26. Qe2 Rxd4 27.
Rd8+ Kb7 28. b3 Re4 29. Qd2 Rd4 30. Qc3 Rd1+ 31. Kb2 Qd4 32. Qxd4 Rxd4 33. Rd7+
Kc6 34. Rxg7 Rxf4 35. g3 Rg4 36. Rxa7 Rxg3 37. Ra4 Rg4 38. b4 Kb5 39. Kb3 Rxh4
40. Ra8 Rxb4+ 41. Kc3 Rg4 42. Rd8 Kc5 43. Rg8 h4 44. Rh8 g5 45. Kb3 Rg3+ 46. c3
h3 47. a4 g4 {White resigns} 0-1

[Event "Team 45 45 League T45"]
[Site "Internet Chess Club"]
[Date "2010.05.09"]
[Round "1"]
[White "MrKarma"]
[Black "zepled37"]
[Result "0-1"]
[WhiteElo "1613"]
[BlackElo "1723"]
[Opening "Sicilian, Chekhover variation"]
[ECO "B53"]
[Time "19:01:56"]
[TimeControl "2700+45"]

1. e4 c5 2. Nf3 d6 3. d4 cxd4 4. Qxd4 Nc6 5. Bb5 Bd7 6. Bxc6 Bxc6 7. Nc3 Nf6 8.
Bg5 h6 9. Bxf6 gxf6 10. O-O-O Bg7 11. Nh4 Bd7 12. Nf5 Bxf5 13. exf5 Qa5 14. Qa4+
Qxa4 15. Nxa4 Rc8 16. b3 b5 17. Nb2 Rc5 18. g4 h5 19. Nd3 Rc3 20. Kb2 Rc6 21.
Nb4 Rc5 22. Nd3 Rc7 23. f3 Kd7 24. Rdg1 h4 25. Nf4 Rhc8 26. Rg2 Bh6 27. Nd5 Rc5
28. Nb4 Be3 29. Rd1 e6 30. Re2 Bf4 31. Nd3 Rd5 32. Rde1 Be5+ 33. Kb1 exf5 34.
gxf5 a5 35. Nxe5+ fxe5 36. Re4 Rd2 37. R1e2 Rcxc2 38. Rxd2 Rxd2 39. Rxh4 Rf2 40.
b4 axb4 41. Rxb4 Kc6 42. f4 exf4 43. h4 Kc5 44. Re4 f3 45. Rf4 Kd5 46. h5 Rh2
47. Rxf3 Rxh5 48. f6 Ke6 49. Kc2 Rf5 50. Rxf5 Kxf5 51. Kc3 Ke4 {White resigns}
0-1

[Event "Team 45 45 League T45"]
[Site "Internet Chess Club"]
[Date "2010.05.06"]
[Round "1"]
[White "BrerRabbit"]
[Black "oldsj"]
[Result "0-1"]
[WhiteElo "1474"]
[BlackElo "1585"]
[Opening "English, 1...Nf6 (Anglo-Indian defense)"]
[ECO "A15"]
[Time "19:01:17"]
[TimeControl "2700+45"]

1. c4 Nf6 2. g3 g6 3. Bg2 Bg7 4. Nc3 O-O 5. d3 d6 6. Bg5 h6 7. Bd2 e5 8. e4 Nbd7
9. Nge2 Nc5 10. Qc2 c6 11. O-O Rb8 12. f4 b5 13. cxb5 cxb5 14. Rac1 a6 15. h3
Bb7 16. Be3 Qe7 17. b4 Ncd7 18. Qb3 Qe6 19. g4 Qxb3 20. a3 {White resigns} 0-1

[Event "Team 45 45 League T45"]
[Site "Internet Chess Club"]
[Date "2010.05.08"]
[Round "1"]
[White "rom1"]
[Black "SpeedBlade"]
[Result "0-1"]
[WhiteElo "1509"]
[BlackElo "1428"]
[Opening "QGD: semi-Slav"]
[ECO "D31"]
[Time "14:12:15"]
[TimeControl "2700+45"]

1. d4 d5 2. c4 e6 3. Nc3 c6 4. cxd5 exd5 5. Nf3 Nf6 6. Bg5 Be7 7. e3 Bf5 8. Bd3
Bxd3 9. Qxd3 Nbd7 10. O-O O-O 11. Rab1 h6 12. Bh4 a5 13. a3 Nh5 14. Bxe7 Qxe7
15. h3 Nhf6 16. Nd2 Ne8 17. b4 axb4 18. axb4 b5 19. Qc2 Nd6 20. Ne2 Nc4 21. Nxc4
dxc4 22. Nc3 Nf6 23. Qf5 Ra3 24. Rfc1 Qd7 25. Qf3 Nd5 26. Ne4 Rfa8 27. Qg3 Qc7
28. Qg4 Qe7 29. Nc5 Nc3 30. Rb2 Nd5 31. e4 Nf6 32. Qe2 Ra1 33. Rc2 Rxc1+ 34.
Rxc1 Nd7 35. Nxd7 Qxd7 36. Qe3 Qd6 37. Qc3 Ra4 38. Rb1 Qf4 39. Qc2 Qd6 40. Qd2
Ra3 41. Qc2 Qxd4 42. Kh2 Rc3 43. Qa2 Qxe4 44. Qa8+ Kh7 45. Rd1 Rd3 46. Rf1 c3
47. f3 Qe5+ 48. Kh1 Qe2 49. Rg1 Rd1 50. Qxc6 Rxg1+ 51. Kxg1 Qd1+ 52. Kh2 c2 53.
Qe4+ g6 54. Qe7 Qd5 55. Qc7 Qc4 {White resigns} 0-1

[Event "Team 45 45 League T45"]
[Site "Internet Chess Club"]
[Date "2010.05.09"]
[Round "1"]
[White "SeniorCitizen"]
[Black "JimGaming"]
[Result "0-1"]
[WhiteElo "1273"]
[BlackElo "1312"]
[Opening "Sicilian: accelerated fianchetto, modern variation"]
[ECO "B34"]
[Time "14:01:36"]
[TimeControl "2700+45"]

1. e4 c5 2. Nf3 g6 3. d4 cxd4 4. Nxd4 Nc6 5. Nc3 Bg7 6. Nxc6 bxc6 7. Bd3 d6 8.
O-O Nf6 9. Bd2 O-O 10. Qc1 a5 11. Bh6 Ba6 12. Bxg7 Kxg7 13. Qd2 Bxd3 14. Qxd3
Qc7 15. Ne2 Ng4 16. Ng3 Ne5 17. Qe2 a4 18. Kh1 c5 19. f4 Nc6 20. Qg4 Kh8 21. c3
Rg8 22. Qf3 e6 23. h4 Raf8 24. Qd1 Ra8 25. Qg4 Qe7 26. Ne2 f5 27. exf5 exf5 28.
Qh3 Qxe2 29. h5 Qxh5 30. Qxh5 gxh5 31. Rf3 Rg4 32. Re1 Rd8 33. Kh2 h4 34. Kh3 h5
35. Re6 Kg7 36. Ree3 Kf6 37. Re2 Rdg8 38. Rd2 Ke7 39. Rff2 Kd7 40. Rd5 Ke6 41.
Rdd2 Na5 42. Rfe2+ Kd7 43. Rf2 Nc4 44. Rde2 d5 45. b3 axb3 46. axb3 Nd6 47. Re5
Rf8 48. Rxd5 Kc6 49. Re5 Rfg8 50. Re7 Re8 51. Rh7 Re3+ 52. Rf3 Re1 53. Kh2 Re2
54. Rxh5 Rgxg2+ 55. Kh1 Ne4 56. Rh6+ Kb5 57. c4+ Ka5 58. b4+ Kxb4 {White
resigns} 0-1

[Event "Team 45 45 League T45"]
[Site "Internet Chess Club"]
[Date "2010.05.07"]
[Round "1"]
[White "rgadoury"]
[Black "KingOfHearts"]
[Result "1-0"]
[WhiteElo "1256"]
[BlackElo "1312"]
[Opening "KP: Indian opening"]
[ECO "C20"]
[Time "19:02:55"]
[TimeControl "2700+45"]

1. e4 e5 2. d3 Nf6 3. Nf3 Nc6 4. g3 Bc5 5. Bg2 Ng4 6. O-O d6 7. h3 Bxf2+ 8. Rxf2
Nxf2 9. Kxf2 h6 10. Nbd2 Be6 11. Bf1 Qd7 12. Ng1 g5 13. Qh5 O-O-O 14. Ndf3 Rdf8
15. Kg2 f5 16. Bxg5 hxg5 17. Qxg5 fxe4 18. dxe4 Bxh3+ 19. Nxh3 Qxh3+ 20. Kf2
Rfg8 21. Bxh3+ Kb8 22. Qf5 Rf8 23. Qxf8+ Rxf8 24. Kg2 Nb4 25. c3 Nc2 26. Rc1
Ne3+ 27. Kf2 Nc4 28. Rc2 d5 29. Bf5 Nd6 30. g4 dxe4 31. Nxe5 Nxf5 32. Nd7+ Kc8
33. Nxf8 e3+ 34. Kf3 {Black resigns} 1-0

[Event "Team 45 45 League T45"]
[Site "Internet Chess Club"]
[Date "2010.05.11"]
[Round "1"]
[White "chips"]
[Black "MeansToAnEnd"]
[Result "0-1"]
[WhiteElo "1203"]
[BlackElo "1181"]
[Opening "Polish (Sokolsky) opening"]
[ECO "A00"]
[Time "20:31:10"]
[TimeControl "2700+45"]

1. b4 e5 2. a3 Nf6 3. d3 d6 4. e4 Be7 5. Nf3 Nc6 6. Be2 Nd4 7. Nxd4 exd4 8. Nd2
O-O 9. O-O c5 10. b5 Bd7 11. a4 a6 12. Bb2 axb5 13. axb5 Bxb5 14. Rxa8 Qxa8 15.
Qa1 Qa4 16. Rc1 Ra8 17. Qxa4 Rxa4 18. Ra1 Rxa1+ 19. Bxa1 Ba4 20. Nb3 b5 21. Bd1
d5 22. f3 dxe4 23. fxe4 g6 24. Na5 Nh5 25. g3 Ng7 26. Nc6 Bf6 27. e5 Bg5 28. h4
Be3+ 29. Kg2 Ne6 30. Ne7+ Kf8 31. Nc8 c4 32. Nb6 cxd3 33. Nxa4 bxa4 34. cxd3 a3
35. Kf3 Nc5 36. Bc2 Ke7 37. Ke2 Ke6 38. Kf3 Kxe5 39. g4 f5 40. Bb1 Nb3 41. Ba2
Nxa1 42. Bg8 h6 43. Bf7 fxg4+ 44. Kxg4 Kf6 45. Ba2 Nc2 46. Bc4 Nb4 47. Bb3 a2
48. Bxa2 Nxa2 49. h5 g5 50. Kf3 Nc1 51. Ke4 g4 52. Kd5 g3 {White resigns} 0-1

[Event "Team 45 45 League T45"]
[Site "Internet Chess Club"]
[Date "2010.05.09"]
[Round "1"]
[White "sere"]
[Black "Cicero"]
[Result "0-1"]
[WhiteElo "1130"]
[BlackElo "1151"]
[Opening "Sicilian: Hungarian variation"]
[ECO "B27"]
[Time "11:00:19"]
[TimeControl "2700+45"]

1. e4 c5 2. Nf3 g6 3. d4 cxd4 4. Qxd4 Nf6 5. Nc3 Nc6 6. Qd3 d6 7. Bf4 e5 8. Bg5
Bg7 9. Nd5 O-O 10. Qd2 Re8 11. Bb5 Bd7 12. Bh6 Nd4 13. Bxd7 Bxh6 14. Nxf6+ Qxf6
15. Qxh6 Re7 16. Ng5 Qh8 17. O-O Rxd7 18. c3 Ne2+ 19. Kh1 d5 20. Rae1 Nf4 21. g3
Nd3 22. Re3 dxe4 23. f4 f6 24. Ne6 Re8 25. Qh3 Rde7 26. f5 h5 27. g4 gxf5 28.
gxf5 Kf7 29. Qg3 Rg8 30. Qh3 Rg4 31. Rg3 Rxg3 32. Qxg3 Qg8 33. Qh4 Qg4 34. Nd8+
Ke8 35. Qxg4 hxg4 36. Ne6 Rh7 37. Rg1 Nf2+ 38. Kg2 g3 39. Kxg3 e3 40. Kf3 Rh3+
41. Ke2 b6 42. Rg7 Ne4 43. Rxa7 Nd6 44. Kd3 e4+ 45. Kc2 Rxh2+ 46. Kd1 Nxf5 47.
b4 e2+ {White resigns} 0-1

[Event "Team 45 45 League T45"]
[Site "Internet Chess Club"]
[Date "2010.05.07"]
[Round "1"]
[White "lawth3"]
[Black "The-Capitalist"]
[Result "0-1"]
[WhiteElo "1193"]
[BlackElo "1407"]
[Opening "QGD Slav defense: exchange variation"]
[ECO "D10"]
[Time "21:00:05"]
[TimeControl "2700+45"]

1. d4 d5 2. c4 c6 3. cxd5 cxd5 4. Nc3 Nf6 5. Bf4 Nc6 6. e3 a6 7. Qc2 g6 8. Nf3
Bf5 9. Qe2 Nb4 10. Qd2 Nc2+ 11. Kd1 Nxa1 12. Bd3 Ne4 13. Bxe4 Bxe4 14. Nxe4 dxe4
15. Ng5 Rc8 16. Nxe4 Rc2 17. Qb4 Qc8 18. Nc3 Qg4+ 19. f3 Qxg2 20. Qa4+ b5 21.
Qxc2 Qxc2+ 22. Ke1 Qg2 23. Rf1 Nc2+ 24. Kd1 Nb4 25. Re1 Qc2# {White checkmated}
0-1

[Event "Team 45 45 League T45"]
[Site "Internet Chess Club"]
[Date "2010.05.06"]
[Round "1"]
[White "MateIn42"]
[Black "joaoazm"]
[Result "1/2-1/2"]
[WhiteElo "1384"]
[BlackElo "1228"]
[Opening "Scotch opening"]
[ECO "C44"]
[Time "21:00:30"]
[TimeControl "2700+45"]

1. e4 e5 2. Nf3 Nc6 3. d4 d6 4. Bb5 Bd7 5. d5 Nd4 6. Bxd7+ Qxd7 7. Nxd4 exd4 8.
Qxd4 Nf6 9. Nd2 c5 10. Qe3 b5 11. b3 Ng4 12. Qh3 f6 13. Nf1 g5 14. f3 Ne5 15.
Qxd7+ Nxd7 16. Ne3 h5 17. h3 Ne5 18. Bb2 Bg7 19. Nf5 Bf8 20. a4 b4 21. Kf2 a5
22. g3 O-O-O 23. f4 gxf4 24. gxf4 Nd7 25. Rhg1 Rh7 26. Rg6 Re8 27. Kf3 Kc7 28.
Rag1 Be7 29. Rg7 Rxg7 30. Rxg7 Kd8 31. Nxe7 Rxe7 32. Rxe7 Kxe7 33. Kg3 Nb6 34.
Kh4 c4 35. Kxh5 c3 36. Bc1 Nd7 37. Be3 Nc5 38. Bxc5 dxc5 39. e5 fxe5 40. fxe5 c4
41. d6+ Kd7 42. Kg6 cxb3 43. Kf7 bxc2 44. e6+ Kxd6 45. e7 c1=Q 46. e8=Q Qf4+ 47.
Kg6 Qg3+ 48. Kf6 Qh4+ 49. Kg6 Qg3+ 50. Kf6 Qh4+ 51. Kg6 Qg3+ {Game drawn by
repetition} 1/2-1/2

[Event "Team 45 45 League T45"]
[Site "Internet Chess Club"]
[Date "2010.05.12"]
[Round "1"]
[White "jjaillet2007"]
[Black "bowwrestler"]
[Result "1-0"]
[WhiteElo "1244"]
[BlackElo "1039"]
[Opening "QGD: 4.Bg5 Be7"]
[ECO "D53"]
[Time "08:59:34"]
[TimeControl "2700+45"]

1. d4 d5 2. c4 e6 3. Nc3 Nf6 4. Bg5 Be7 5. cxd5 Nxd5 6. Bxe7 Qxe7 7. e4 Nb6 8.
Nf3 N8d7 9. Bd3 Nf6 10. O-O Nbd7 11. Re1 b6 12. e5 Nd5 13. Be4 c6 14. Nxd5 cxd5
15. Bc2 Bb7 16. Qd3 Qb4 17. Qb3 Qxb3 18. Bxb3 O-O 19. Ba4 Rfd8 20. Rac1 Rac8 21.
Rxc8 Bxc8 22. Rc1 h6 23. Rc7 a5 24. Ra7 Kh7 25. Ra8 Nf8 26. Rb8 Ng6 27. Rxb6 Nf4
28. Kf1 Nd3 29. Ke2 Nf4+ 30. Kf1 Kg6 31. g3 Nd3 32. Bc2 Kf5 33. Bxd3+ Kg4 34.
Be2 Kf5 35. h3 Ke4 36. Ke1 Rd7 37. Rb3 Rc7 38. Re3+ Kf5 39. g4+ Kg6 40. Rc3 Rxc3
41. bxc3 Bd7 42. Kd2 Ba4 43. Bd1 Bb5 44. Be2 Ba4 45. h4 Kh7 46. c4 dxc4 47. Bxc4
Bc6 48. Ke3 Ba8 49. Bd3+ g6 50. g5 hxg5 51. Nxg5+ Kg7 52. Bb5 Bd5 53. Be8 Bxa2
54. Nxf7 Bb3 55. Ng5 a4 56. Nxe6+ Bxe6 57. Bxa4 Bf5 58. d5 Kf7 59. Kf4 Bh3 60.
Bd1 Bg2 61. Bf3 Bh3 62. Bg4 Bg2 63. f3 Bf1 64. e6+ Ke7 65. Kg5 Bc4 66. Kxg6 Bxd5
67. f4 Bxe6 68. Bxe6 Kxe6 69. h5 Ke7 70. h6 Kf8 71. h7 Ke7 72. h8=Q Ke6 73. Qf6+
Kd5 74. Qe7 Kc6 75. Qd8 Kb7 76. f5 Kc6 77. Kf6 Kc5 78. Ke6 Kc6 79. Qd6+ Kb5 80.
Kd7 Kc4 81. f6 Kb5 82. f7 Kc4 83. f8=Q Kb5 84. Qf5+ Kc4 85. Qdc5+ Kb3 86. Qf3+
Kb2 87. Qcf2+ Kc1 88. Qh1# {Black checkmated} 1-0

[Event "Team 45 45 League T45"]
[Site "Internet Chess Club"]
[Date "2010.05.10"]
[Round "1"]
[White "KidRattler"]
[Black "kabubi"]
[Result "1-0"]
[WhiteElo "997"]
[BlackElo "1180"]
[Opening "Four knights: Italian variation"]
[ECO "C47"]
[Time "09:55:15"]
[TimeControl "2700+45"]

1. e4 e5 2. Nf3 Nc6 3. Nc3 Nf6 4. Bc4 Nxe4 5. Nxe4 d5 6. Bxd5 Qxd5 7. Nc3 Qa5 8.
O-O Be7 9. d4 exd4 10. Nxd4 Nxd4 11. Qxd4 O-O 12. Nd1 Bf5 13. Bd2 Qa6 14. Bc3
Bf6 15. Qf4 Bxc2 16. Bxf6 Qxf6 17. Qxc7 Qxb2 18. Ne3 Rac8 19. Qg3 Bd3 20. Rfe1
Rc6 21. Nd5 Kh8 22. Qxd3 {Black resigns} 1-0

[Event "Team 45 45 League T45"]
[Site "Internet Chess Club"]
[Date "2010.05.09"]
[Round "1"]
[White "randallsr"]
[Black "Electryon"]
[Result "1/2-1/2"]
[WhiteElo "1756"]
[BlackElo "1430"]
[Opening "Réti opening"]
[ECO "A30"]
[Time "14:08:58"]
[TimeControl "2700+45"]

1. Nf3 c5 2. c4 g6 3. b3 Bg7 4. Nc3 Nf6 5. Rb1 Nc6 6. g3 d5 7. cxd5 Nxd5 8. Nxd5
Qxd5 9. Bg2 Bf5 10. d3 Qd7 11. O-O Bh3 12. Bb2 O-O 13. Bxg7 Bxg2 14. Kxg2 Kxg7
15. Qc2 Nd4 16. Nxd4 Qxd4 17. Qb2 Rfd8 18. Qxd4+ Rxd4 19. Rbc1 Rc8 20. Rc2 b6
21. Rfc1 e5 22. Rc4 Rcd8 23. a3 a5 24. Rb1 f5 25. Rxd4 Rxd4 26. h4 e4 27. dxe4
Rxe4 28. e3 Kf7 29. Kf3 h5 30. Ke2 Ke6 31. Rd1 Ke7 32. Kd3 b5 33. Re1 c4+ 34.
bxc4 Rxc4 35. e4 fxe4+ 36. Rxe4+ Rxe4 37. Kxe4 Kd6 38. Kd4 b4 39. axb4 axb4 40.
f3 b3 41. Kc3 Kd5 42. Kxb3 Kd4 43. g4 Ke3 44. Kc3 Kxf3 45. gxh5 gxh5 46. Kd3 Kg3
47. Ke3 Kxh4 48. Kf2 Kg4 49. Kg2 h4 50. Kh2 h3 51. Kh1 Kg3 52. Kg1 {Game drawn
by mutual agreement} 1/2-1/2

[Event "Team 45 45 League T45"]
[Site "Internet Chess Club"]
[Date "2010.05.10"]
[Round "1"]
[White "JWB"]
[Black "slowdown"]
[Result "1/2-1/2"]
[WhiteElo "1686"]
[BlackElo "1636"]
[Opening "English opening"]
[ECO "A20"]
[Time "15:00:34"]
[TimeControl "2700+45"]

1. c4 e5 2. g3 Nf6 3. Bg2 Nc6 4. Nc3 Bb4 5. Nf3 Bxc3 6. dxc3 d6 7. O-O h6 8. Qc2
O-O 9. b3 Rb8 10. Bb2 Ne7 11. e4 Ng6 12. Rad1 b6 13. b4 Be6 14. Qe2 Qd7 15. Bc1
Rfd8 16. c5 bxc5 17. bxc5 Qa4 18. Rfe1 Bxa2 19. cxd6 cxd6 20. Bb2 Bc4 21. Qd2
Nxe4 22. Rxe4 Rxb2 23. Qxb2 Qxd1+ 24. Re1 Qa4 25. Nd2 Qb5 26. Nxc4 Qxc4 27. Bf1
Qc7 28. Ra1 d5 29. Ra6 d4 30. cxd4 exd4 31. Qa2 Rd7 32. Bd3 Ne5 33. Bf5 Re7 34.
Qd5 g6 35. Bxg6 Nxg6 36. Rxg6+ Kh7 37. Rd6 Qb7 38. Qxb7 Rxb7 39. Rxd4 a5 40. Kf1
Ra7 41. Ra4 Kg6 42. Ke2 Kg5 43. f3 Kf5 44. Kd3 Ke5 45. Kc4 f5 46. f4+ Ke4 47.
Kc5+ Kf3 48. Kd6 Kg2 49. Ke5 Kxh2 50. Kxf5 Kxg3 51. Kg6 Ra6+ 52. Kh5 Kf3 53. f5
{Game drawn by mutual agreement} 1/2-1/2

[Event "Team 45 45 League T45"]
[Site "Internet Chess Club"]
[Date "2010.05.09"]
[Round "1"]
[White "badmove"]
[Black "philosopherking"]
[Result "1-0"]
[WhiteElo "1829"]
[BlackElo "1546"]
[Opening "French: King's Indian attack"]
[ECO "C00"]
[Time "17:00:17"]
[TimeControl "2700+45"]

1. e4 e6 2. d3 d5 3. Nd2 Nc6 4. Ngf3 Bc5 5. Be2 Nge7 6. c3 e5 7. O-O O-O 8. b4
Bb6 9. a4 a6 10. Bb2 f6 11. a5 Ba7 12. Ba3 b5 13. axb6 cxb6 14. exd5 Qxd5 15. c4
Qd8 16. Ne4 b5 17. c5 a5 18. Qb3+ Nd5 19. bxa5 b4 20. Bb2 Nxa5 21. Rxa5 Qxa5 22.
Qxd5+ Kh8 23. Qxa8 Qa2 24. Bc1 b3 25. Re1 {Black resigns} 1-0

[Event "Team 45 45 League T45"]
[Site "Internet Chess Club"]
[Date "2010.05.09"]
[Round "1"]
[White "FractalDante"]
[Black "fuzzface"]
[Result "1-0"]
[WhiteElo "1382"]
[BlackElo "1409"]
[Opening "Sicilian defense"]
[ECO "B44"]
[Time "10:00:38"]
[TimeControl "2700+45"]

1. e4 c5 2. Nf3 e6 3. d4 cxd4 4. Nxd4 Nc6 5. a3 Qb6 6. Nf3 Bc5 7. Qd2 Nf6 8. Bd3
Ng4 9. O-O O-O 10. b4 Be3 11. fxe3 d5 12. exd5 exd5 13. h3 Nge5 14. Nxe5 Nxe5
15. Qf2 Nxd3 16. cxd3 Be6 17. Bb2 Bxh3 18. gxh3 Qg6+ 19. Qg2 Qxd3 20. Qxg7#
{Black checkmated} 1-0

[Event "Team 45 45 League T45"]
[Site "Internet Chess Club"]
[Date "2010.05.07"]
[Round "1"]
[White "imawesome"]
[Black "Packerfan"]
[Result "1/2-1/2"]
[WhiteElo "1628"]
[BlackElo "1740"]
[Opening "Bishop's opening: Berlin defense"]
[ECO "C24"]
[Time "09:57:14"]
[TimeControl "2700+45"]

1. e4 e5 2. Bc4 Nf6 3. d3 Nc6 4. Nc3 Na5 5. Bb3 Nxb3 6. axb3 Bc5 7. f4 Bxg1 8.
Rxg1 Qe7 9. Be3 a6 10. Qf3 d6 11. f5 Bd7 12. Bg5 h6 13. Nd5 Qd8 14. Nxf6+ gxf6
15. Be3 Qe7 16. Qh5 O-O-O 17. Qf3 Bc6 18. c4 h5 19. h4 Rdg8 20. g4 hxg4 21. Rxg4
Qf8 22. Ke2 Rxg4 23. Qxg4 Rg8 24. Qf3 Kd7 25. h5 Rh8 26. Rh1 Rh7 27. h6 b5 28.
Rg1 Ke7 29. Qg4 Bb7 30. Qg8 Rh8 31. h7 c6 32. Qxf8+ Kxf8 33. Bh6+ Ke7 34. Rg7 d5
35. c5 dxe4 36. dxe4 a5 37. Kf3 b4 38. Ke3 Ba6 39. Kd2 Bb5 40. Ke3 a4 41. bxa4
Bxa4 42. Kd3 Bb5+ 43. Ke3 {Game drawn by mutual agreement} 1/2-1/2

[Event "Team 45 45 League T45"]
[Site "Internet Chess Club"]
[Date "2010.05.08"]
[Round "1"]
[White "Eyechess"]
[Black "quaksterjohny"]
[Result "1-0"]
[WhiteElo "1659"]
[BlackElo "1369"]
[Opening "English: Caro-Kann defensive system"]
[ECO "A11"]
[Time "19:02:23"]
[TimeControl "2700+45"]

1. c4 c6 2. b3 d5 3. Bb2 Nf6 4. g3 Bf5 5. Bg2 e6 6. Nf3 Bd6 7. d3 Nbd7 8. O-O
O-O 9. Nbd2 Qc7 10. Rc1 Qb6 11. cxd5 cxd5 12. Qc2 h6 13. e4 Bh7 14. e5 Nc5 15.
Ne1 Qa6 16. exf6 Nxd3 17. fxg7 Rfe8 18. Nxd3 Bxd3 19. Qc3 Bxf1 20. Bxf1 Qb6 21.
Qf6 Qd8 22. Qxh6 f5 23. Be2 Kf7 24. Bh5+ Ke7 25. Bf6+ {Black resigns} 1-0

[Event "Team 45 45 League T45"]
[Site "Internet Chess Club"]
[Date "2010.05.08"]
[Round "1"]
[White "check-man"]
[Black "Tjet"]
[Result "1-0"]
[WhiteElo "1503"]
[BlackElo "1520"]
[Opening "Scandinavian (center counter) defense"]
[ECO "B01"]
[Time "18:00:06"]
[TimeControl "2700+45"]

1. e4 d5 2. exd5 Qxd5 3. Nc3 Qa5 4. Nf3 c6 5. Bc4 Bg4 6. d4 Nf6 7. O-O e6 8. h3
Bxf3 9. Qxf3 Nbd7 10. Bf4 Be7 11. Rfe1 Nd5 12. Nxd5 cxd5 13. Bxd5 Qxd5 14. Qxd5
exd5 15. Bd6 O-O-O 16. Rxe7 Rde8 17. Rae1 Rxe7 18. Rxe7 Rg8 19. Rxf7 a6 20. Be5
Nxe5 21. dxe5 d4 22. Kf1 h5 23. Ke2 Re8 24. f4 g6 25. Kd3 g5 26. Kxd4 gxf4 27.
Rxf4 Rg8 28. g4 hxg4 29. Rxg4 Rd8+ 30. Ke3 Rd1 31. b3 Re1+ 32. Kd4 Re2 33. Rg8+
{Black resigns} 1-0

[Event "Team 45 45 League T45"]
[Site "Internet Chess Club"]
[Date "2010.05.09"]
[Round "1"]
[White "MCJR"]
[Black "Zappy"]
[Result "0-1"]
[WhiteElo "1419"]
[BlackElo "1528"]
[Opening "Queen's pawn game"]
[ECO "A46"]
[Time "20:00:03"]
[TimeControl "2700+45"]

1. d4 Nf6 2. Nf3 e6 3. Bf4 d5 4. e3 c5 5. c3 Nc6 6. Nbd2 Bd6 7. Ne5 O-O 8. Bd3
cxd4 9. exd4 Bc7 10. Qf3 Nxe5 11. dxe5 Nd7 12. Qh3 g6 13. Nf3 Nc5 14. Bc2 f6 15.
O-O fxe5 16. Bxe5 Rxf3 17. Qxf3 Bxe5 18. Qe3 Qd6 19. f4 Bf6 20. Rad1 Bd8 21. Qg3
b6 22. Bxg6 hxg6 23. Qxg6+ Kf8 24. f5 Ne4 25. fxe6+ Nf6 26. Rxf6+ Bxf6 27. Qxf6+
Ke8 28. Qf7+ Kd8 29. Re1 Qe7 30. Qg8+ Kc7 31. Qf7 Kd6 32. Qf4+ Kc6 33. Qe5 Ba6
34. Qd4 Qc5 35. Qxc5+ Kxc5 36. e7 Re8 37. h4 Kd6 38. h5 Rxe7 39. Rxe7 Kxe7 40.
h6 Kf6 41. h7 Kg7 42. h8=Q+ Kxh8 43. Kf2 Kg7 44. Kf3 Bb7 45. g3 Kf6 46. Kf4 Bc6
47. b4 a5 48. a3 a4 49. g4 Bd7 50. g5+ Kg6 51. Ke5 Kxg5 52. Kxd5 b5 53. c4 Be6+
54. Kd4 Bxc4 55. Kc3 Kf4 56. Kd4 Kf3 57. Kc3 Ke3 58. Kb2 Kd3 59. Kc1 Kc3 60. Kb1
Kb3 61. Kc1 Kxa3 {White resigns} 0-1

[Event "Team 45 45 League T45"]
[Site "Internet Chess Club"]
[Date "2010.05.07"]
[Round "1"]
[White "ILRE"]
[Black "taldeital"]
[Result "0-1"]
[WhiteElo "1513"]
[BlackElo "1403"]
[Opening "Scandinavian (center counter) defense"]
[ECO "B01"]
[Time "14:00:31"]
[TimeControl "2700+45"]

1. e4 d5 2. exd5 Qxd5 3. Nf3 Nf6 4. d4 Bg4 5. Be2 Qd8 6. Be3 e6 7. a3 Nbd7 8. c4
c6 9. Nc3 Qc7 10. b4 Be7 11. h3 Bh5 12. Rc1 O-O 13. O-O Rfd8 14. Qc2 Bg6 15. Qb2
Ne4 16. Nxe4 Bxe4 17. Nd2 Bg6 18. Nf3 Bf6 19. Bg5 Bxg5 20. Nxg5 Nf6 21. Nf3 Bh5
22. Rcd1 Qf4 23. Qd2 Qxd2 24. Rxd2 Ne4 25. Rd3 Ng5 26. g4 Bg6 27. Rdd1 Nxh3+ 28.
Kh2 Nf4 29. Rfe1 Nxe2 30. Rxe2 Rd6 31. Kg3 Rad8 32. Red2 f6 33. Kf4 h6 34. Ke3
b6 35. d5 cxd5 36. cxd5 Rxd5 37. Rxd5 Rxd5 38. Rxd5 exd5 39. Nd4 Be8 40. Nf5 Bd7
41. Ne7+ Kf7 42. Nxd5 Bxg4 43. Kf4 Bd7 44. Ne3 g5+ 45. Ke4 Be6 46. Nc2 h5 47.
Nd4 Bd7 48. Ne2 Bc6+ 49. Ke3 h4 50. Ng1 f5 51. f3 Kf6 52. Nh3 Bxf3 53. Nxg5 Kxg5
54. Kxf3 f4 55. Kf2 Kg4 56. Kg2 f3+ 57. Kf2 h3 58. Kg1 Kg3 59. Kf1 h2 {White
resigns} 0-1